[Event "55th Iranian-ch Men Final 2022"]
[Site "Iran"]
[Date "2022.06.23"]
[Round "12.4"]
[White "Naderi, Abdollah"]
[Black "Atakhan, Abtin"]
[Result "1/2-1/2"]
[ECO "E04"]
[WhiteElo "2050"]
[BlackElo "2358"]
[Annotator "TA"]
[PlyCount "82"]
[EventDate "2022.06.15"]
[EventType "tourn"]
[EventCountry "IRI"]
[SourceTitle "playchess.com"]
[Source "ChessBase"]
[SourceQuality "1"]
[TimeControl "40/5400+30:1800+30"]

1. d4 Nf6 2. Nf3 d5 3. c4 e6 4. g3 dxc4 5. Bg2 a6 6. a4 Nc6 7. O-O Rb8 8. Bg5 {[%emt 0:16:21] E04: Open Catalan: 5 Nf3.} h6 9. Bxf6 Qxf6 10. Nc3 Bb4 11. Ne4 Qe7 {[%emt 0:07:20] [#]} 12. Rc1 $146 ({Predecessor:} 12. Qc2 Na5 13. Ne5 O-O 14. Nxc4 Nxc4 15. Qxc4 c6 16. Rfd1 Bd7 17. Rac1 Rfd8 18. Nc5 {1-0 (65) Kalavannan,K (2324)-Sedykh,M (2119) Chess.com INT 2020}) 12... Na5 13. Ne5 b5 14. axb5 axb5 15. b3 Ba3 {[%emt 0:16:49] [#]} (15... Nxb3 $2 16. Nc6 $18) (15... cxb3 $15 {keeps the upper hand.} 16. Nc5 b2) 16. Ra1 $1 $16 {[%emt 0:07:42] White is more active.} O-O (16... Nxb3 $2 17. Nc6 $18) 17. bxc4 c6 (17... bxc4 $16 {was worth a try.} 18. Qa4 Bb4) 18. c5 $18 b4 19. Nd6 Ba6 20. Nxc6 (20. Bxc6 $18 {is more deadly.} Qc7 21. Be4) 20... Nxc6 $16 21. Bxc6 e5 (21... Rfd8 $16) 22. Re1 (22. d5 $6 Qa7 $14) 22... Qa7 (22... Rbd8 $142 23. Ra2 (23. Qa4 Bc8 $18) 23... Rxd6 24. cxd6 Qxd6) 23. dxe5 (23. e3 $142) 23... Qxc5 24. Bd5 Rbd8 (24... Bc8 $16) 25. e3 Rd7 26. Qb3 Re7 (26... Rc7 $16 {might work better.} 27. f4 Qc3 28. Qxc3 Rxc3) 27. f4 g6 (27... Rc7 $16 28. Ra2 Qc3 29. Qxc3 Rxc3) 28. h4 Kg7 29. Ra2 Qa7 30. Kh2 f6 31. exf6+ Rxf6 32. Ne4 Rf8 33. Rxa3 bxa3 34. Qxa3 {[%emt 0:01:17] And now Ra1 would win. Chess con chili.} h5 $2 (34... Bc8 35. Qc3+ Kh7) 35. Ra1 $18 Rd8 36. Qc3+ (36. Qxa6 Qxa6 37. Rxa6 Rxd5 $17) 36... Kh6 37. Ra5 $2 (37. Qf6 $18 {[%cal Of4f5] Intending f5! and mate.} Rxd5 38. Rxa6 Qxa6 39. Qxa6 Rxe4 40. Qf6 Rd2+ 41. Kh3) 37... Qb6 $14 (37... Rxd5 $2 {[#]} 38. g4 $1 (38. Rxd5 Rxe4 39. g4 Re8 $16) 38... Rd4 39. g5+ (39. Qxd4 Qxd4 40. g5+ Kg7 $11) 39... Kh7 40. Nf6+ (40. Qxd4 Qxd4 41. exd4 Rxe4 $11) 40... Kg7 41. Nd5 $18) 38. Ng5 (38. Bc6 Re6 39. Bd5 Re7 $16) (38. Qf6 $1 $14 Qxf6 39. Nxf6) 38... Rxe3 {[%emt 0:00:54] The position is equal.} 39. Nf7+ Kh7 40. Ng5+ Kh6 41. Nf7+ Kh7 {[%emt 0:02:06] Weighted Error Value: White=0.42/Black=0.39} 1/2-1/2

[Event "55th Iranian-ch Men Final 2022"]
[Site "Iran"]
[Date "2022.06.23"]
[Round "12.5"]
[White "Omidi, Arya"]
[Black "Mousavi, Seyed Khalil"]
[Result "0-1"]
[ECO "C60"]
[WhiteElo "2321"]
[BlackElo "2524"]
[Annotator "TA"]
[PlyCount "114"]
[EventDate "2022.06.15"]
[EventType "tourn"]
[EventCountry "IRI"]
[SourceTitle "playchess.com"]
[Source "ChessBase"]
[SourceQuality "1"]
[TimeControl "40/5400+30:1800+30"]

1. e4 e5 2. Nf3 Nc6 3. Bb5 a6 4. Ba4 Nge7 5. c3 g6 6. O-O Bg7 7. d4 exd4 8. cxd4 O-O {[%emt 0:00:00] C60: Ruy Lopez: Unusual Black 3rd moves and 3...g6.} 9. d5 Na5 10. Nbd2 b5 {[%emt 0:00:00] White has an edge.} 11. Bc2 c5 12. Re1 d6 13. Rb1 h6 {[%emt 0:00:00] [#]} 14. h3 $146 ({Predecessor:} 14. Nf1 f5 15. e5 Bb7 16. exd6 Nxd5 17. Re6 Rf6 18. Qe1 Kh7 19. Rxf6 Bxf6 20. Ne3 {0-1 (32) Nemec,P (2211)-Jirka,J (2411) Czech Republic 2012}) 14... f5 15. exf5 Bxf5 16. Ne4 Nc4 17. Ng3 (17. Nh4 $14) 17... Bxc2 $11 18. Qxc2 Nb6 (18... Qd7 $1 $11 {feels stronger.}) 19. Nh4 $14 Nbxd5 20. Nxg6 Nxg6 (20... Rf7 21. Qe4 $16) 21. Qxg6 Qf6 22. Qxf6 Rxf6 23. Nh5 Rg6 24. g4 Rf8 25. Re2 Be5 26. Kg2 c4 27. Bd2 b4 28. Rc1 c3 ({But not} 28... Bxb2 29. Rxc4 Nc3 30. Bxh6 $1 $16 ) 29. bxc3 bxc3 30. Be1 Rf5 {[%emt 0:00:30] aiming for ...Rxh5.} 31. Kh1 (31. Rd1 $11 {remains equal.} Nb4 32. Ng3 (32. f4 c2 $11)) 31... Rf3 $36 {[%emt 0:00:30][%mdl 2048] Black is on the roll.} 32. Kg2 Rd3 {[%emt 0:00:30] Black is much more active.} 33. Re4 Rg5 (33... Re6 $17 {And now ...Re7 would win.} 34. Ra4 Re7 35. Rxa6 Rc7 36. Ra8+ Kf7) 34. Ng3 $2 (34. f4 $11 Rxh5 35. gxh5 Nxf4+ 36. Rxf4 Bxf4 37. Rxc3 Rxc3 38. Bxc3) 34... Bxg3 $19 35. fxg3 Re5 $1 36. Rxe5 dxe5 {[%emt 0:00:00][%mdl 4096] Endgame KRB-KRN} 37. Kf2 e4 38. h4 Kf7 39. Rc2 (39. Ke2 $142) 39... Ne3 (39... Ke6 $142 {Threatens to win with ...Rf3+.} 40. Rc1 Rd2+ $1 41. Bxd2 cxd2) 40. Rc1 Nxg4+ (40... Kf6 $19 {...Ke5 is the strong threat.} 41. Ke2 (41. Bxc3+ $2 Rxc3 42. Rxc3 Nd1+ 43. Ke2 Nxc3+ $19) 41... Nd5) 41. Ke2 $1 $15 Re3+ 42. Kd1 Ne5 43. Rxc3 Nd3 44. Rc7+ Ke6 45. Bc3 (45. Bd2 $11 {keeps the balance.} Rxg3 46. Bxh6) 45... Rxg3 $17 46. Rc6+ Kd5 47. Rxh6 e3 48. Kc2 (48. Rh8 $17) 48... Kc4 $1 $19 49. Rc6+ {[%emt 0:00:51] [#]} Nc5 $1 {[%emt 0:00:30] White must now prevent ...Rg2+.} 50. Be1 Rg2+ 51. Kd1 Rxa2 ({Better is} 51... Kd4 $17 52. Rc8 e2+ 53. Kc2 Ne4) 52. Rc8 $1 $15 Kd5 (52... e2+ $15 53. Kc1 Kd5 54. Rd8+ Ke4) 53. Re8 $2 (53. Rd8+ $11 Kc4 54. Rc8) 53... Ne4 $19 {[%emt 0:00:42] Black is clearly winning.} 54. Rd8+ Ke5 55. Re8+ Kf4 56. Rf8+ {[%emt 0:00:30] [#]} Kg4 $1 {[%emt 0:00:06] ( -> ...e2+)} 57. Rb8 Nf2+ {[%emt 0:00:37] Weighted Error Value: White=0.58/Black=0.18 (very precise)} (57... Kf3 $142 58. Rf8+ Kg2) 0-1

[Event "55th Iranian-ch Men Final 2022"]
[Site "Iran"]
[Date "2022.06.23"]
[Round "12.6"]
[White "Rastbod, Ali"]
[Black "Ghaem Maghami, Ehsan"]
[Result "0-1"]
[ECO "A29"]
[WhiteElo "2362"]
[BlackElo "2519"]
[Annotator "TA"]
[PlyCount "134"]
[EventDate "2022.06.15"]
[EventType "tourn"]
[EventCountry "IRI"]
[SourceTitle "playchess.com"]
[Source "ChessBase"]
[SourceQuality "1"]
[TimeControl "40/5400+30:1800+30"]

1. c4 e5 2. Nc3 Nf6 3. Nf3 Nc6 4. g3 d5 5. cxd5 Nxd5 6. Bg2 Nb6 7. O-O Be7 8. d3 O-O 9. Be3 f5 10. Na4 (10. b4 {seems wilder.} f4 11. Bc5 a5 12. a3) 10... Kh8 {[%emt 0:08:06] A29: English Opening: Four Knights Variation with 4 g3.} 11. Rc1 Bf6 12. Nd2 (12. a3 $142) 12... Nd4 $11 {[%emt 0:10:50] The position is equal.} 13. Nc5 c6 {[%emt 0:01:06] [#]} 14. Bxd4 $146 ({Predecessor:} 14. Nf3 Nd5 15. Bd2 b6 16. Na4 Bb7 17. Nc3 c5 18. Nxd4 exd4 19. Nxd5 Bxd5 20. Bxd5 Qxd5 {½-½ (48) Maheswaran,P (2240)-Nitin,S (2422) Chennai 2018}) 14... exd4 15. Qb3 Qe7 16. Rc2 Rd8 (16... Qxe2 17. Nde4 $1 Qh5 18. Nxf6 Rxf6 19. f4 $14) 17. a4 $1 Nd5 18. a5 Rb8 {[%emt 0:02:38] next ...b6 is good for Black.} (18... Qxe2 19. Nde4 $1 Qh5 20. Nxf6 Nxf6 21. a6 $14) 19. Bxd5 Rxd5 20. Na6 ({Better is} 20. Rfc1 $15 Rd8 21. Qc4) 20... Rb5 $1 $19 ({Don't take} 20... Ra8 21. Nc7 $1 $16 ) 21. Qxb5 cxb5 22. Nxb8 Be6 23. Rfc1 Qe8 {[%emt 0:03:17] Prevents Rc8.} 24. Nb3 Qxb8 ({Don't play} 24... Bxb3 25. Rc8 Bd8 26. a6 bxa6 27. Nc6 Qxe2 28. Rxd8+ Bg8 29. Nxd4 Qxd3 30. Rcc8 $18) 25. Nc5 Bg8 26. Nd7 Qe8 27. Nxf6 gxf6 28. Kf1 Qh5 29. Kg2 Kg7 $2 (29... f4 $19 {[%cal Of4f3] and Black stays clearly on top.} 30. f3 fxg3 31. hxg3 Qe5) 30. Rc7+ $17 Kh6 31. Re7 f4 {[%emt 0:05:21][%cal Of4f3] White must now prevent ...f3+!} 32. f3 a6 (32... b4 $1 $17 {Threatens to win with ...fxg3.} 33. a6 bxa6) 33. g4 $11 Qd5 34. b4 $2 (34. Rcc7 $11 {and White is okay.}) 34... Qd6 35. Rcc7 Qxb4 36. Rg7 $2 (36. Rcd7) 36... Qxa5 37. h4 Qa2 (37... Qb6 $17 {aiming for ...Qe6.} 38. g5+ Kh5 39. gxf6 Kh6 $1 40. Rxb7 Qxf6 $1 41. Rxg8 Qe6) 38. Rge7 ({White should play} 38. Kf2 $1 $15) 38... b4 39. Rxb7 Qa5 $1 {[%emt 0:00:00] Prevents Rb6.} 40. Rbc7 $2 (40. Re8 Bd5 41. Ra7) 40... Qb5 41. Rb7 (41. Ra7 {is the only way for White.}) 41... Qc5 $1 $19 42. Rec7 Qc3 43. Rg7 $2 ({Don't go for} 43. Rxc3 $2 dxc3 44. Rxb4 c2 45. g5+ Kg6 $19) (43. g5+ Kh5 44. Rg7 (44. Rxc3 $2 dxc3 45. gxf6 c2 $19)) 43... Qc6 44. Rbc7 $2 (44. Ra7 Qe6 45. Rge7) 44... Qe8 45. Rge7 Qf8 46. Ra7 b3 47. Reb7 Qd6 {[%emt 0:00:30][%cal Oa6a5] Prevents Rb6.} 48. Rd7 $2 (48. Kf2) 48... Qc6 {[%emt 0:01:45] Strongly threatening ...b2.} 49. Rdc7 (49. Rg7 $142 Qd5 50. Rgb7) 49... Qb5 {[%emt 0:00:37] Hoping for ...b2.} 50. Rg7 {[%emt 0:00:41] [#]} Qe8 (50... Qe5 $142 $1 51. Rae7 (51. Rge7 Qa5) 51... Qd5) 51. Rge7 Qf8 52. Reb7 Qd6 {[%emt 0:01:36] Prevents Rb6.} 53. Rd7 $1 Qc6 54. Rdc7 $1 Qb5 {[%emt 0:00:14] ...b2 is the strong threat.} 55. Rg7 $1 Qd5 56. Rgb7 a5 57. Rb6 Bf7 $2 (57... Kg6 58. Raa6 Qd8) 58. g5+ $2 {[%emt 0:00:34] [#]} (58. Rxf6+ Kg7 59. Rb6) 58... Kg7 $1 59. Rxf6 {[%emt 0:00:30] [#]} a4 $1 60. Rxa4 Qb7 {[%emt 0:00:09] And now ...b2 would win.} 61. h5 h6 (61... b2 $142 62. h6+ Kg8 63. Rxd4 Qe7) 62. Rxf4 hxg5 63. h6+ Kxh6 64. Rxf7 Qxf7 {[%emt 0:00:11] Black mates.} 65. Rb4 Qe7 66. Rxb3 Qxe2+ 67. Kg3 Kh5 {[%emt 0:00:14] Weighted Error Value: White=0.69/Black=0.42} 0-1

[Event "55th Iranian-ch Men Final 2022"]
[Site "Iran"]
[Date "2022.06.23"]
[Round "12.7"]
[White "Tahbaz, Arash"]
[Black "Ashraf, Artin"]
[Result "1-0"]
[ECO "A11"]
[WhiteElo "2451"]
[BlackElo "2096"]
[Annotator "TA"]
[PlyCount "88"]
[EventDate "2022.06.15"]
[EventType "tourn"]
[EventCountry "IRI"]
[SourceTitle "playchess.com"]
[Source "ChessBase"]
[SourceQuality "1"]
[TimeControl "40/5400+30:1800+30"]

1. Nf3 d5 2. g3 Nf6 3. Bg2 Bf5 4. O-O e6 5. d3 h6 6. c4 c6 7. cxd5 cxd5 8. Qb3 {[%emt 0:00:00] A11: English Opening: 1...c6.} Qc8 9. Nd4 {[%emt 0:00:00] [#]} Bh7 $146 ({Predecessor:} 9... Bg6 10. Bf4 Nc6 11. Rc1 Qd7 12. Nxc6 bxc6 13. Nd2 Bd6 14. Qc3 Bxf4 15. gxf4 Nh5 {1-0 (27) Meskovs,N (2542)-Grishchenko,S (2431) Riga 2018}) 10. Bf4 {White is better.} Nc6 11. Rc1 Nd7 (11... Qd7 $142 12. Nxc6 bxc6) 12. Nxc6 {[%emt 0:00:00] White is much more active. The black rooks are badly placed.} bxc6 13. Qa4 Bc5 {[%emt 0:02:00] [#]} 14. Rxc5 $1 Nxc5 15. Qd4 $36 {[%emt 0:00:00][%csl LRc5,LRg7][%mdl 2048] White has some pressure.} Nd7 (15... e5 $1 $11 {and Black is okay.} 16. Bxe5 (16. Qxe5+ Ne6 $15) 16... Ne6) 16. Qxg7 $18 Ke7 17. Bxh6 Qg8 {[%emt 0:00:00] [#]} (17... Rg8 $16 {keeps fighting.} 18. Qd4 (18. Qxh7 Nf6 $11) 18... Bg6) 18. Bg5+ $1 {[%emt 0:00:00] A strong pair of Bishops.} Kd6 19. Bf4+ Ke7 {[%emt 0:00:00] [#]} 20. Qc3 c5 21. Na3 {[%emt 0:00:00] aiming for b4.} f6 22. b4 Rc8 23. bxc5 Rxc5 24. Qb3 {[%emt 0:00:30] Hoping for Nb5.} a6 25. Nc2 (25. Qb4 $18 {Black must now prevent Be3.} Kf7 26. Rd1) 25... Qc8 $16 26. Ne1 Kf7 27. e4 (27. Qd1 $142) 27... dxe4 28. dxe4 Rd8 29. Nf3 (29. Qe3 $16) 29... Bxe4 $11 30. Qe3 Bd5 31. Bd6 Rc4 32. Qh6 (32. Re1 $11 {keeps the balance.} Qc6 33. Qh6 Qxd6 34. Qh7+ Ke8 35. Qh5+ Kf8 36. Qh8+ Ke7 37. Qh7+ Ke8 38. Qh5+ Kf8 39. Qh8+ Ke7 40. Qh7+ Kf8 41. Qh8+) 32... Rh8 $17 33. Qd2 Qc6 34. Ba3 Rh5 ({Better is} 34... Nf8 $17 35. Qe2 Ng6) 35. Re1 Qa4 36. Bd6 Qc6 37. Ba3 Qa8 ({Black should try} 37... Nc5 $15 38. Bf1 Ne4) 38. h4 Rh7 (38... Qb7 $11) 39. Qd3 {[%emt 0:00:00] Dancing on a razor blade.} Kg8 {[%emt 0:00:23][%mdl 8192] [#]} (39... Rh5 $14) 40. Rxe6 $3 $18 {[%emt 0:00:00][%cal Of3g5][%mdl 512] Strongly threatening Ng5! White is clearly winning.} Rg7 {[%emt 0:00:00] Prevents Ng5.} (40... Rc3 41. Qxc3) 41. Rd6 Ra4 42. Bb2 ({Not} 42. Qxd5+ Qxd5 43. Rxd5 Rxa3 $16) 42... Ra5 {[%emt 0:02:42] [#]} 43. Ne5 $1 Nb6 (43... fxe5 44. Rxd5) 44. Nc6 {[%emt 0:02:03] And now Ne7+ would win.} Rc5 {[%emt 0:00:17] Weighted Error Value: White=0.19 (very precise) /Black=0.51} 1-0

[Event "55th Iranian-ch Men Final 2022"]
[Site "Iran"]
[Date "2022.06.24"]
[Round "13.1"]
[White "Ashraf, Artin"]
[Black "Mosadeghpour, Masoud"]
[Result "1-0"]
[ECO "D02"]
[WhiteElo "2096"]
[BlackElo "2474"]
[Annotator "TA"]
[PlyCount "81"]
[EventDate "2022.06.15"]
[EventType "tourn"]
[EventCountry "IRI"]
[SourceTitle "playchess.com"]
[Source "ChessBase"]
[SourceQuality "1"]
[TimeControl "40/5400+30:1800+30"]

1. Nf3 Nf6 2. g3 d5 3. Bg2 c5 4. O-O e6 5. d4 cxd4 6. b3 Nc6 7. Nxd4 Bc5 8. Nxc6 {[%emt 0:09:37] now supersedes 8.Bb2. D02: 1 d4 d5 2 Nf3 sidelines, including 2...Nf6 3 g3 and 2...Nf6 3 Bf4.} bxc6 9. c4 O-O 10. Bb2 {[%emt 0:01:47] The position is equal.} Ba6 11. Qc2 {[%emt 0:04:31] [#] Threatens to win with cxd5.} Rc8 12. Nc3 Qe7 13. Na4 Bd6 14. Rfd1 Rfd8 {[%emt 0:04:00] [#]} 15. e3 $146 ({Predecessor:} 15. Rac1 h6 16. e3 Bb4 17. h3 Bb7 18. Qe2 Ba6 19. Qc2 Rd7 20. Be5 Ba3 21. Rb1 Bb4 22. Rbc1 Rdd8 23. Bb2 {½-½ (23) Wiwe,A (2276)-Renet,O (2535) Skopje 2015}) 15... Nd7 16. Rac1 f5 17. Qd2 Bb4 18. Bc3 Ba3 19. Bb2 (19. Ba5 $5 ) 19... Bxb2 (19... Bb4 $11 20. Qc2 Bd6) 20. Qxb2 (20. Nxb2 $5 Bb7 21. Qc3 $14 (21. cxd5 exd5 22. Nd3 g6 $14)) 20... Qb4 21. a3 Qb8 22. Qc3 Bb7 23. Qa5 {[%emt 0:00:40] White is more active.} Ba8 24. b4 (24. cxd5 cxd5 25. Rc3 Rxc3 26. Nxc3 Rc8 $11) 24... Nb6 25. Bf1 Nxc4 (25... Nxa4 $142 26. Qxa4 Rc7) 26. Bxc4 $16 dxc4 27. Rxd8+ Rxd8 28. Nc5 Qb6 29. Qa4 (29. Nxe6 $6 Qxa5 30. bxa5 Rd3 $14) 29... e5 {[%emt 0:00:32] Loses the game.} (29... Rd6 $16 30. Rd1 (30. Rxc4 Bb7 $16) 30... Rd5) 30. Qc2 $18 (30. Rxc4 $6 Bb7 31. Nxb7 Qxb7 $16) 30... e4 $2 {[%emt 0:00:32] [#]} (30... Rd5 31. Qxf5 Qc7 32. Rxc4 Qf7 33. Qc8+ Qf8) 31. Qxc4+ Rd5 32. Rd1 $2 (32. Ne6) 32... Qb5 33. Qa2 a5 (33... Qb8 $142 34. Qc2 Qd6 35. Rxd5 Qxd5) 34. Rxd5 cxd5 {[%emt 0:00:01][%mdl 4096] Endgame KQB-KQN} 35. Qb2 {[%emt 0:00:19] Black must now prevent Qe5.} axb4 36. axb4 {[%emt 0:00:20] aiming for Qe5.} Bc6 37. Qe5 Qe2 $2 (37... h6 38. h3 (38. Qxf5 d4 $16) 38... Kh8) 38. Qe6+ Kf8 39. Qxf5+ (39. Qxc6 Qd1+ 40. Kg2 Qf3+ 41. Kh3 Qh5+ 42. Kg2 Qf3+ 43. Kh3 Qh5+ 44. Kg2 Qf3+ $11) 39... Ke7 40. h4 ({Not} 40. Qe6+ Kf8 41. Qc8+ (41. Qxc6 Qd1+ 42. Kg2 Qf3+ 43. Kh3 Qh5+ 44. Kg2 Qf3+ 45. Kh3 Qh5+ 46. Kg2 Qf3+ $11) 41... Kf7 42. Qf5+ (42. Qxc6 Qd1+ 43. Kg2 Qf3+ 44. Kh3 Qh5+ 45. Kg2 Qf3+ 46. Kh3 Qh5+ 47. Kg2 Qf3+ $11) 42... Ke7 43. Qe6+ (43. Qxh7 Qd1+ 44. Kg2 Qf3+ 45. Kh3 Kf7 $16) 43... Kf8 44. Qf5+ (44. Qxc6 Qd1+ 45. Kg2 Qf3+ 46. Kh3 Qh5+ 47. Kg2 Qf3+ 48. Kh3 Qh5+ 49. Kg2 Qf3+ $11) 44... Ke7 $18) 40... Qd1+ 41. Kg2 {[%emt 0:02:43] Weighted Error Value: White=0.22 (precise) /Black=0.40} 1-0

[Event "55th Iranian-ch Men Final 2022"]
[Site "Iran"]
[Date "2022.06.24"]
[Round "13.2"]
[White "Ghaem Maghami, Ehsan"]
[Black "Tahbaz, Arash"]
[Result "1/2-1/2"]
[ECO "E06"]
[WhiteElo "2519"]
[BlackElo "2451"]
[Annotator "TA"]
[PlyCount "58"]
[EventDate "2022.06.15"]
[EventType "tourn"]
[EventCountry "IRI"]
[SourceTitle "playchess.com"]
[Source "ChessBase"]
[SourceQuality "1"]
[TimeControl "40/5400+30:1800+30"]

1. d4 Nf6 2. c4 e6 3. Nf3 d5 4. g3 Be7 5. Bg2 O-O 6. Qc2 c5 7. dxc5 Qa5+ 8. Nc3 dxc4 {[%emt 0:04:56] E06: Closed Catalan: Early deviations.} 9. O-O Nc6 {[%emt 0:05:14] 9...Qxc5 deserves study.} 10. Ne4 Nxe4 11. Qxe4 Qxc5 12. Be3 {[%emt 0:00:08] [#]} Qd5 $146 ({Predecessor:} 12... Qb5 13. Rfc1 e5 14. Qxc4 Qxc4 15. Rxc4 Be6 16. Rxc6 bxc6 17. Nxe5 Bd5 18. Nxc6 Bxc6 19. Bxc6 {1-0 (43) Tarlev,K (2559)-Macovei,A (2426) Mamaia 2019}) 13. Nd2 Qxe4 14. Bxe4 c3 15. bxc3 Bd7 16. Nb3 Rfd8 17. Rfd1 Be8 18. Rxd8 Rxd8 19. Bxc6 Bxc6 20. Bxa7 Ra8 21. Bc5 Bxc5 22. Nxc5 $11 {[%emt 0:00:02][%mdl 4096] Endgame KRB-KRN} Ra3 23. c4 Rc3 {[%emt 0:01:24] [#]} (23... Kf8 $11 {keeps the balance.}) 24. Nb3 ({But not} 24. Rd1 $6 g6 $11) (24. Nxb7 $1 $16 Bxb7 25. Rb1) 24... Rxc4 {[%emt 0:00:15] The position is equal.} 25. Na5 Rc2 26. Nxc6 Rxc6 27. Rb1 Rc2 28. Rxb7 {[%emt 0:01:08] Rb8+ would kill now.} g5 29. Rb5 h6 {[%emt 0:00:06] An interesting draw.  Weighted Error Value: White=0.06 (flawless) /Black=0.10 (very precise)} 1/2-1/2

[Event "55th Iranian-ch Men Final 2022"]
[Site "Iran"]
[Date "2022.06.24"]
[Round "13.3"]
[White "Mousavi, Seyed Khalil"]
[Black "Rastbod, Ali"]
[Result "1/2-1/2"]
[WhiteElo "2524"]
[BlackElo "2362"]
[Annotator "TA"]
[PlyCount "37"]
[EventDate "2022.06.15"]
[EventType "tourn"]
[EventCountry "IRI"]
[SourceTitle "playchess.com"]
[Source "ChessBase"]
[SourceQuality "1"]
[TimeControl "40/5400+30:1800+30"]

1. e4 e6 2. d4 d5 3. exd5 exd5 4. Nf3 Nf6 5. Bd3 Bd6 6. O-O O-O 7. h3 h6 8. Ne5 {[%emt 0:00:10] C01: French: Exchange Variation.} c5 9. c3 {[%emt 1:28:15] [#] A rather calm draw.} {Predecessor:} Nc6 $146 10. Nxc6 bxc6 11. dxc5 Bxc5 12. Bf4 Bd6 13. Bxd6 Qxd6 14. Nd2 Bd7 15. Qf3 Rfe8 16. Rfe1 Rxe1+ 17. Rxe1 Re8 18. Rxe8+ Bxe8 19. Qe3 {½-½ (19) Perez,L (2100)-Hernandez Moya,Y (2173) Longueuil 2019} 1/2-1/2

[Event "55th Iranian-ch Men Final 2022"]
[Site "Iran"]
[Date "2022.06.24"]
[Round "13.5"]
[White "Darini, Pouria"]
[Black "Naderi, Abdollah"]
[Result "1/2-1/2"]
[ECO "B42"]
[WhiteElo "2431"]
[BlackElo "2050"]
[Annotator "TA"]
[PlyCount "33"]
[EventDate "2022.06.15"]
[EventType "tourn"]
[EventCountry "IRI"]
[SourceTitle "playchess.com"]
[Source "ChessBase"]
[SourceQuality "1"]
[TimeControl "40/5400+30:1800+30"]

1. e4 c5 2. Nf3 e6 3. d4 cxd4 4. Nxd4 a6 5. Bd3 Nf6 6. O-O Qc7 7. Qe2 d6 8. f4 Nbd7 9. c4 Be7 10. Nc3 O-O {[%emt 0:00:17] The main line 10...0-0 scores better than 10...b6.} 11. Be3 Re8 {[%emt 0:01:42] B42: Sicilian: Kan Variation: 5 Bd3.} 12. Rad1 Bf8 (12... h6 $14) 13. Bc2 {[%emt 0:00:00] White is more active.} ({White should try} 13. g4 $16) 13... b6 $14 14. g4 {[%emt 0:00:00] [#] Strongly threatening g5.} g6 $1 15. f5 {[%emt 0:00:00][%cal Bf4f5,Bf5e6][%mdl 32] [#]} Bb7 $146 ({Predecessor:} 15... Ne5 16. fxg6 Nexg4 17. h3 Nxe3 18. Rxf6 hxg6 19. Qxe3 Bg7 20. Rf3 Qxc4 21. Bb3 Qc5 {1-0 (73) Alves Campelo,D (2000)-Serafim Junior,A (1845) Teresina 2017}) 16. g5 (16. fxg6 $16 hxg6 17. Qf2) 16... Nh5 $1 17. fxe6 {[%emt 0:00:00] Weighted Error Value: White=0.25 (precise) /Black=0.18 (very precise)} 1/2-1/2

[Event "55th Iranian-ch Men Final 2022"]
[Site "Iran"]
[Date "2022.06.24"]
[Round "13.6"]
[White "Khamisi, S Jafar"]
[Black "Poormosavi, Seyed Kian"]
[Result "1/2-1/2"]
[ECO "B29"]
[WhiteElo "2118"]
[BlackElo "2358"]
[Annotator "TA"]
[PlyCount "90"]
[EventDate "2022.06.15"]
[EventType "tourn"]
[EventCountry "IRI"]
[SourceTitle "playchess.com"]
[Source "ChessBase"]
[SourceQuality "1"]
[TimeControl "40/5400+30:1800+30"]

1. e4 c5 2. Nf3 Nf6 3. e5 Nd5 4. Nc3 e6 5. Nxd5 exd5 6. d4 Nc6 7. dxc5 Bxc5 8. Bd3 d6 9. exd6 Qxd6 10. O-O O-O 11. Re1 {B29: Sicilian: 2 Nf3 Nf6 (Nimzowitsch Variation).} h6 12. Be3 d4 13. Bd2 Bg4 14. Qe2 Bh5 15. a3 Bb6 16. Qe4 {[%csl Gd3][%cal Re4h7] [#]} Bg6 {[#] Prevents Qh7+.} 17. Qf4 $146 ({Predecessor:} 17. Qg4 Bxd3 18. cxd3 Rfe8 19. h4 Bc7 20. g3 Qf6 21. Kg2 Rad8 22. Re4 Rxe4 23. Qxe4 {½-½ (23) Spasov,V (2543)-De la Villa Garcia,J (2470) La Roda 2005}) 17... Qxf4 18. Bxf4 Bxd3 19. cxd3 Rfe8 20. Rxe8+ Rxe8 {The position is equal.} 21. Re1 Rxe1+ 22. Nxe1 $11 {[%mdl 4096] Endgame KBN-KBN} f6 23. Kf1 Kf7 24. Ke2 Ke6 25. Nf3 Bd8 26. Bd2 b5 27. Ne1 a5 28. b4 Be7 29. Nc2 a4 30. f4 Kd5 31. Kf3 f5 32. g3 Nd8 33. h4 Nf7 34. Bc1 Bf6 35. Bd2 Nd6 36. Ke2 g6 37. Kf3 Ne4 38. Be1 ({But not} 38. dxe4+ fxe4+ 39. Kf2 e3+ 40. Bxe3 dxe3+ 41. Nxe3+ (41. Kxe3 $2 Kc4 $19) 41... Ke4 $19) 38... Nd6 39. Bd2 Nf7 40. Bc1 Nd8 41. Bd2 Ne6 42. Bc1 Bd8 43. Bd2 Be7 44. Bc1 Bf6 45. Bd2 Bd8 {An interesting draw.  Weighted Error Value: White=0.04 (flawless) /Black=0.03 (flawless)} 1/2-1/2

[Event "55th Iranian-ch Men Final 2022"]
[Site "Iran"]
[Date "2022.06.24"]
[Round "13.7"]
[White "Daneshvar, Bardiya"]
[Black "Daghli, Arash"]
[Result "1-0"]
[ECO "A13"]
[WhiteElo "2486"]
[BlackElo "2441"]
[Annotator "TA"]
[PlyCount "47"]
[EventDate "2022.06.15"]
[EventType "tourn"]
[EventCountry "IRI"]
[SourceTitle "playchess.com"]
[Source "ChessBase"]
[SourceQuality "1"]
[TimeControl "40/5400+30:1800+30"]

1. c4 e6 2. g3 d5 3. Bg2 Nf6 4. Nf3 d4 5. O-O Nc6 6. d3 Bc5 {[%emt 0:01:53] is recently more successful than 6...Be7. A13: English Opening: 1...e6.} 7. Nbd2 a5 8. Nb3 {[%emt 0:01:39] [#]} Bb6 $146 {[%emt 0:04:55] The position is equal.} ({Predecessor:} 8... Be7 9. e3 dxe3 10. Bxe3 Ng4 11. Bc5 O-O 12. d4 a4 13. Bxe7 Qxe7 14. Nc5 a3 15. bxa3 {0-1 (39) Nepomniachtchi,I (2782)-Carlsen,M (2855) Dubai 2021}) 9. e3 (9. c5 $5 Ba7 10. Qe1 $14) 9... dxe3 $1 10. Bxe3 Bxe3 11. fxe3 a4 12. Nc5 a3 (12... e5 $11 {was preferrable.}) 13. b3 e5 14. d4 Qe7 15. Nxe5 (15. b4 {with more complications.} Ng4 16. Qe1 O-O 17. h3) 15... Nxe5 16. dxe5 Qxc5 (16... Ng4 $1 $11 {keeps the balance.} 17. Nxb7 (17. Bxb7 Bxb7 18. Nxb7 Nxe5 $14) 17... O-O) 17. exf6 $16 Qxe3+ 18. Kh1 {[%emt 0:01:23] White is more active.} O-O 19. fxg7 Kxg7 20. Re1 Qg5 21. Qd4+ $40 {[%emt 0:01:32][%mdl 128] Black is in trouble.} Qf6 {[%emt 0:00:00] [#]} (21... Kg8 $16) 22. Re5 $1 $18 {[%emt 0:04:10] Intending Rg5+ and mate.} Kh8 $2 (22... Kg8 23. Rf1 Qg7) 23. Rf1 Qg7 {[%emt 0:00:00] [#]} 24. Rxf7 $3 {[%emt 0:03:41][%mdl 512] Weighted Error Value: White=0.05 (flawless) /Black=0.28 (precise)} 1-0